 Dungeon Crawl Stone Soup version 0.29.1-1-gd02db6906a (webtiles) character file.

Game seed: 4205300851098503698

7664 sankara the Grappler (level 10, -3/98 (102) HPs)
             Began as a Troll Gladiator on Oct 13, 2022.
             Was a Priest of Ru.
             Slain by Sonja
             ... wielding a +1 dagger of distortion
              (12 damage)
             ... on level 10 of the Dungeon.
             The game lasted 00:21:36 (8094 turns).

sankara the Grappler (Troll Gladiator)              Turns: 8094, Time: 00:21:36

HP:   -3/98 (102)   AC:  9    Str: 24    XL:     10   Next: 99%
MP:   9/9           EV: 11    Int:  6    God:    Ru [***...]
Gold: 450           SH:  0    Dex: 13    Spells: 8/9 levels left

rFire   + . .      SeeInvis .     - Unarmed
rCold   . . .      Faith    .   (no shield)
rNeg    . . .      Spirit   .   e - +0 acid dragon scales
rPois   .          Reflect  .   b - +0 hat
rElec   .          Harm     .   m - scarf {shadows}
rCorr   +          Rampage  .   (gloves unavailable)
Will    .....                   (boots unavailable)
Stlth   +.........              (no amulet)
HPRegen 1.06/turn               t - ring of protection from fire
MPRegen 0.11/turn               H - ring of flight

@: lethally poisoned (-3 -> -5), about to teleport, flying, slowed, lightly
drained, very slow
A: large, unfitting armour, claws 3, regeneration 1, shaggy fur 1, tough skin 1,
hated by all, no air magic, no necromancy magic, no transmutations magic
a: Renounce Religion, Draw Out Power


You were on level 10 of the Dungeon.
You worshipped Ru.
Ru was most pleased with you.
You visited 3 branches of the dungeon, and saw 12 of its levels.

You collected 486 gold pieces.
You spent 36 gold pieces at shops.

Inventory:

Missiles
 c - 3 throwing nets
 d - a large rock
 g - 8 javelins
 k - 9 boomerangs (quivered)
 l - 63 stones
 u - 4 datura-tipped darts
 B - 21 poisoned darts
Armour
 b - a +0 hat (worn)
 e - +0 acid dragon scales (worn)
 m - a scarf of shadows (worn)
Jewellery
 t - a ring of protection from fire (left claw)
 y - a ring of magical power
 H - a ring of flight (right claw)
Wands
 s - a wand of polymorph (12)
 v - a wand of quicksilver (7)
Scrolls
 f - 2 scrolls of summoning
 n - 3 scrolls of brand weapon
 p - a scroll of teleportation
 q - 5 scrolls of fear
 w - a scroll of fog
 A - 2 scrolls of enchant armour
 D - a scroll of blinking
 F - 3 scrolls of identify
 G - 2 scrolls of amnesia
 I - a scroll of magic mapping {unknown}
Potions
 a - 2 potions of berserk rage {unknown}
 h - 3 potions of heal wounds
 i - 9 potions of curing
 j - 2 potions of lignification
 o - 2 potions of ambrosia
 r - a potion of degeneration
 x - 2 potions of haste
 z - a potion of mutation
 C - 2 potions of brilliance
 E - a potion of flight
 J - a potion of attraction {unknown}
 K - a potion of resistance
 L - a potion of might {unknown}


   Skills:
 + Level 7.1 Fighting
 - Level 3.0 Throwing
 * Level 5.2 Armour
 - Level 6.5 Dodging
 + Level 11.4 Unarmed Combat


You had 8 spell levels left.
You knew the following spells:

 Your Spells              Type           Power      Damage    Failure   Level
a - Beastly Appendage     Tmut           0%         N/A       52%         1

Your spell library contained the following spells:

 Spells                   Type           Power      Damage    Failure   Level
 Apportation              Tloc           0%         N/A       52%         1
 Passage of Golubria      Tloc           0%         N/A       99%         4
 Necrotise                Necr           Unusable   1d4       N/A         1
 Summon Small Mammal      Summ           Unusable   N/A       N/A         1
 Wereblood                Tmut           Unusable   N/A       N/A         2
 Spider Form              Tmut/Pois      Unusable   N/A       N/A         3
 Tukima's Dance           Hex            Unusable   N/A       N/A         3
 Alistair's Intoxication  Tmut/Pois      Unusable   N/A       N/A         5
 Yara's Violent Unravell  Hex/Tmut       Unusable   3d3       N/A         5

Dungeon Overview and Level Annotations

Branches:
Dungeon (10/15)            Temple (1/1) D:5            Lair (1/5) D:9
    Orc (0/2) D:9

Altars:
Ashenzari
Cheibriados
Elyvilon
Gozag
Kikubaaqudgha
Makhleb
Nemelex Xobeh
Qazlal
Ru
Sif Muna
Trog
Uskayaw
Vehumet
Xom
Zin
The Shining One

Shops:
D:5 *   D:8 *

Annotations:
D:9 3 runed translucent doors, diceflayer's ghost, novice DsFi
D:10 Sonja


Innate Abilities, Weirdness & Mutations

You are too large for most types of armour.
You have claws for hands.
Your natural rate of healing is unusually fast.
You are covered in fur. (AC +1)
You have tough skin. (AC +1)
You are hated by all.
You cannot study or cast Air magic.
You cannot study or cast Necromancy magic.
You cannot study or cast Transmutations magic.


Message History

Sonja barely misses you. Sonja closely misses you. Sonja barely misses you.
Unknown command.
You closely miss Sonja. Your claw misses Sonja.
You feel very sick. The hornet stings you.
You are more poisoned.
You feel as though you will be slow longer.
Sonja misses you. Sonja hits you but does no damage. Space warps around you.
Sonja misses you. The hornet barely misses you.
Sonja hits you with a +1 dagger of distortion. x2
You blink.
Found 4 stones.
Throw: 5 darts (datura)
Press: ? - help, Q - select action, (/) - cycle Shift-Dir - straight line, f - hornet
Aim: a hornet (heavily wounded, 48% to hit, chance to frenzy on hit: 35%)
You throw a datura-tipped dart. The datura-tipped dart hits the hornet.
The hornet resists.
The hornet is heavily wounded.
You feel very sick.
As you read the scroll of teleportation, it crumbles to dust.
You feel strangely unstable.
You feel very sick.
Unknown command.
You mangle the hornet!!
You kill the hornet!
You feel very sick.
You scratch the troll.
The troll is lightly wounded.
You feel sick.
Sonja hits you with a +1 dagger of distortion.
* * * LOW HITPOINT WARNING * * *
Space warps around you.
* * * LOW HITPOINT WARNING * * *
Sonja hits you with a +1 dagger of distortion.
* * * LOW HITPOINT WARNING * * *
Space warps around you.
* * * LOW HITPOINT WARNING * * *
Sonja hits you with a +1 dagger of distortion.
* * * LOW HITPOINT WARNING * * *
Space warps horribly around you!
You die...

..... .....
#......# #....
#......# .....
#......# #..
#...(..# ###
#......#.. ###
#......... #..
#..@...# ###.#
#..TK....# ##...#
###...#.## ##..###
##.....# #......
......#######..####
#+..#(........#
#....#.....###
#......#####
#...####


You could see a troll and Sonja.

Vanquished Creatures
  A two-headed ogre (D:9)
  Erica (D:9)
  A cane toad (Lair:1)
  Maggie (D:9)
  3 komodo dragons
  A troll (D:10)
  A hornet (D:10)
  A shadow (D:9)
  2 wyverns
  Eustachio (D:6)
  3 yaks (D:10)
  Menkaure (D:6)
  2 steam dragons
  A water moccasin (D:5)
  3 ice beasts
  4 orc warriors
  3 ogres
  A phantom (D:9)
  A kobold brigand (D:6)
  A gnoll sergeant (D:10)
  5 bullfrogs
  A necrophage (D:5)
  A scorpion (D:5)
  4 wights (D:7)
  2 troll zombies (D:9)
  11 killer bees
  A jelly (D:5)
  2 hounds (D:7)
  A gnoll bouda (D:5)
  5 orc priests
  Jessica (D:3)
  2 iguanas
  Natasha (twice) (D:3)
  Terence (D:3)
  13 orc wizards
  5 ogre zombies (D:9)
  6 gnolls
  9 adders
  A shadow imp (D:7)
  A white imp (D:5)
  3 dart slugs
  23 orcs
  6 endoplasms
  3 giant cockroaches
  4 goblins
  8 hobgoblins
  11 jackals
  6 quokkas
  4 ball pythons
  3 bats (D:3)
  4 frilled lizards
  4 goblin zombies (D:9)
  3 hobgoblin skeletons (D:9)
  3 hobgoblin zombies (D:9)
  12 kobolds
  3 orc skeletons (D:9)
  10 orc zombies (D:9)
  4 rats
221 creatures vanquished.

Vanquished Creatures (others)
  30 plants
30 creatures vanquished.

Grand Total: 251 creatures vanquished

Notes
Turn   | Place    | Note
-------+----------+-------------------------------------------
     0 | D:1      | sankara the Troll Gladiator began the quest for the Orb.
     0 | D:1      | Reached XP level 1. HP: 19/19 MP: 0/0
   123 | D:1      | Found a faded altar of an unknown god.
   131 | D:1      | Reached XP level 2. HP: 28/28 MP: 1/1
   592 | D:2      | Learned a level 1 spell: Beastly Appendage
   621 | D:2      | Reached XP level 3. HP: 35/35 MP: 2/2
  1412 | D:3      | Reached skill level 4 in Unarmed Combat
  1412 | D:3      | Reached XP level 4. HP: 26/42 MP: 3/3
  1521 | D:3      | Noticed Natasha
  1526 | D:3      | Killed Natasha
  1626 | D:3      | Noticed Jessica
  1635 | D:3      | Killed Jessica
  1636 | D:3      | Reached XP level 5. HP: 47/50 MP: 4/4
  1696 | D:3      | Noticed Terence
  1707 | D:3      | Killed Terence
  2101 | D:3      | Noticed Natasha
  2110 | D:3      | Killed Natasha
  2670 | D:4      | Found an ancient bone altar of Kikubaaqudgha.
  2670 | D:4      | Found a sparkling altar of Nemelex Xobeh.
  2670 | D:4      | Found a stormy altar of Qazlal.
  3138 | D:5      | Entered Level 5 of the Dungeon
  3179 | D:5      | Found a staircase to the Ecumenical Temple.
  3180 | D:5      | Noticed an ogre
  3186 | D:5      | Killed an ogre
  3187 | D:5      | Reached skill level 5 in Unarmed Combat
  3187 | D:5      | Reached XP level 6. HP: 33/59 MP: 5/5
  3193 | Temple   | Entered the Ecumenical Temple
  3399 | Temple   | Became a worshipper of Ru the Awakened
  3437 | D:5      | Noticed a steam dragon
  3446 | D:5      | Killed a steam dragon
  3503 | D:5      | Identified the +4 quarterstaff "Licam" {freeze, *Noise
                  | Will+ Dex+5}
  3591 | D:5      | Reached XP level 7. HP: 62/67 MP: 6/6
  3622 | D:5      | Reached skill level 6 in Unarmed Combat
  3763 | D:5      | Found Axaunem's Overcharged Wands.
  3957 | D:5      | Reached skill level 7 in Unarmed Combat
  3960 | D:5      | Reached XP level 8. HP: 23/78 MP: 7/7
  4312 | D:6      | Noticed Eustachio
  4330 | D:6      | Killed Eustachio
  4399 | D:6      | Noticed Menkaure
  4408 | D:6      | Killed Menkaure
  4586 | D:6      | Reached skill level 8 in Unarmed Combat
  4616 | D:6      | Reached skill level 5 in Dodging
  4819 | D:6      | Gained mutation: You are hated by all. [Ru sacrifice]
  4819 | D:6      | Reached * piety under Ru
  4819 | D:6      | Reached ** piety under Ru
  4869 | D:6      | You fall into a shaft and drop 1 floor!
  4964 | D:7      | Reached XP level 9. HP: 87/87 MP: 8/8
  5010 | D:7      | Reached skill level 5 in Fighting
  5023 | D:7      | Reached skill level 9 in Unarmed Combat
  5053 | D:7      | Noticed a komodo dragon
  5056 | D:7      | Killed a komodo dragon
  5872 | D:8      | Reached skill level 10 in Unarmed Combat
  6064 | D:8      | Found Estiod's General Store.
  6071 | D:8      | Bought a potion of curing for 36 gold pieces
  6675 | D:9      | Noticed Maggie
  6705 | D:9      | Killed Maggie
  6769 | D:9      | Reached XP level 10. HP: 70/98 MP: 9/9
  6834 | D:9      | Reached skill level 1 in Armour
  6930 | D:9      | Gained mutation: You cannot study or cast Air magic. [Ru
                  | sacrifice]
  6930 | D:9      | Gained mutation: You cannot study or cast Transmutations
                  | magic. [Ru sacrifice]
  6930 | D:9      | Gained mutation: You cannot study or cast Necromancy magic.
                  | [Ru sacrifice]
  6930 | D:9      | Reached *** piety under Ru
  6964 | D:9      | Noticed Erica
  6976 | D:9      | Killed Erica
  7057 | D:9      | Found a staircase to the Lair.
  7144 | D:9      | Found a runed translucent gate.
  7145 | D:9      | Found a runed translucent gate.
  7145 | D:9      | Noticed a two-headed ogre
  7155 | D:9      | Killed a two-headed ogre
  7156 | D:9      | Reached skill level 11 in Unarmed Combat
  7187 | D:9      | Found a runed translucent gate.
  7223 | D:9      | Noticed diceflayer's ghost (novice DsFi)
  7444 | D:9      | Found a staircase to the Orcish Mines.
  7747 | Lair:1   | Entered Level 1 of the Lair of Beasts
  7787 | Lair:1   | Noticed a cane toad
  7796 | Lair:1   | Killed a cane toad
  7900 | D:10     | Entered Level 10 of the Dungeon
  7947 | D:10     | Reached skill level 5 in Armour
  8082 | D:10     | Noticed Sonja
  8085 | D:10     | Paralysed by a hornet for 2 turns
  8094 | D:10     | Slain by Sonja

Illustrated notes

Levels and vault maps discovered:
D:1:      matt_arrival_grand_opening, layout_rooms,
          hellmonk_ecumenical_altar_inner_sanctum
D:2:      layout_basic
D:3:      layout_loops_ring, serial_bayou, serial_bayou_pond_b,
          serial_bayou_ford_a, serial_bayou_shore_b, serial_bayou_shore_a,
          serial_bayou_pond_e, serial_bayou_lagoon_a, minmay_statues_item,
          dk_noncrumbling_2, uniq_natasha, uniq_jessica, uniq_terence
D:4:      layout_gridville, gammafunk_temple_overflow_claw
D:5:      layout_basic, minmay_temple_entry_arrows,
          nicolae_shop_overcharged_wands
D:6:      layout_loops_corners, uniq_menkaure, uniq_crazy_yiuf_cottage,
          uniq_eustachio
D:7:      layout_rooms
D:8:      layout_basic, serial_shops, nicolae_lakefront_shop
D:9:      layout_basic, david_lair_shrubbed, zombieorc2_lemuel,
          gammafunk_ghost_ooze, uniq_erica, uniq_maggie
D:10:     layout_rooms, mainiacjoe_overflow_swirl, nzn_wu_jian_contemplation,
          serial_shops, shop, uniq_sonja
Temple:   nicolae_temple_slightly_damp_pantheon
Lair:1:   layout_gridlike, uniq_harold

Skill      XL: |  1  2  3  4  5  6  7  8  9 10 |
---------------+-------------------------------+-----
Fighting       | 2 3 4 6 7 |  7.1
Throwing       | 2 3 |  3.0
Unarmed Combat | 4 5 7 8 10 11 | 11.4
Dodging        | 3 4 5 6 |  6.5
Armour         | 5 |  5.2

Action                   |  1- 3 |  4- 6 |  7- 9 | 10-12 || total
-------------------------+-------+-------+-------+-------++-------
Melee: Unarmed           |    79 |   122 |   299 |   175 ||   675
       Punch             |     2 |     1 |    12 |     7 ||    22
       Kick              |       |       |     1 |       ||     1
Throw: Boomerang         |       |       |       |     2 ||     2
       Dart              |       |       |       |     1 ||     1
 Cast: Beastly Appendage |     1 |       |     1 |       ||     2
Invok: Sacrifice Love    |       |       |     1 |       ||     1
       Draw Out Power    |       |       |       |     2 ||     2
       Sacrifice Arcana  |       |       |       |     1 ||     1
  Use: Potion            |       |       |     2 |       ||     2
       Scroll            |       |       |    17 |     1 ||    18
 Stab: Sleeping          |     1 |     3 |     1 |       ||     5
       Invisible         |       |       |     3 |       ||     3
       Confused          |       |       |     1 |       ||     1
       Distracted        |       |       |       |     1 ||     1
Armor: Robe              |    20 |    34 |    54 |       ||   108
       Acid dragon scale |       |       |       |    52 ||    52
Dodge: Dodged            |    29 |    58 |   142 |    79 ||   308
